 Dungeon Crawl Stone Soup version 0.24.0-123-gd5b16e6ec5 (webtiles) character file.

Game seed: 10801764543647584370, levelgen mode: deterministic

97 Delamore the Chopper (level 5, 0/41 HPs)
             Began as a Formicid Fighter on Jan 6, 2020.
             Succumbed to an orc's poison
             ... on level 2 of the Dungeon.
             The game lasted 00:01:09 (1405 turns).

Delamore the Chopper (Formicid Fighter)             Turns: 1405, Time: 00:01:10

Health: 0/41       AC:  6    Str: 21    XL:     5   Next: 0%
Magic:  5/5        EV:  7    Int:  8    God:
Gold:   17         SH:  9    Dex: 10    Spells: 4/4 levels left

rFire    . . .     SeeInvis +   a - +0 war axe
rCold    . . .     Gourm    .   c - +0 shield
rNeg     . . .     Faith    .   b - +0 scale mail
rPois    .         Spirit   .   (helmet unavailable)
rElec    .         Reflect  .   n - scarf {cloud immunity}
rCorr    .         Harm     .   (no gloves)
MR       .....                  (no boots)
Stlth    ..........             (no amulet)
HPRegen  0.13/turn              (no ring)
MPRegen  0.09/turn              (no ring)

@: lethally poisoned (0 -> -18), flying
A: permanent stasis, dig shafts and tunnels, four strong arms, antennae 3
a: Dig, Shaft Self


You were on level 2 of the Dungeon.
You were near starving.

You visited 1 branch of the dungeon, and saw 2 of its levels.

You collected 17 gold pieces.

Inventory:

Hand Weapons
 a - a +0 war axe (weapon)
Armour
 b - a +0 scale mail (worn)
 c - a +0 shield (worn)
 n - a scarf of cloud immunity (worn)
Jewellery
 j - an uncursed ring of protection from cold {unknown}
Scrolls
 e - 2 scrolls of identify {unknown}
 g - a scroll of teleportation {unknown}
 h - a scroll of amnesia {unknown}
 i - a scroll of magic mapping {unknown}
Potions
 d - a potion of might
Comestibles
 f - a ration


   Skills:
 - Level 3.2 Fighting
 + Level 4.7 Axes
 - Level 3.2 Armour
 - Level 3.6 Shields


You had 4 spell levels left.
You didn't know any spells.
Your spell library was empty.

Dungeon Overview and Level Annotations

Branches:
Dungeon (2/15)

Altars:


Innate Abilities, Weirdness & Mutations

You cannot be hasted, slowed, berserked, paralysed or teleported.
You can dig through walls and to a lower floor.
Your four strong arms can wield two-handed weapons with a shield.
You have a pair of large antennae on your head. (SInv)


Message History

You are more poisoned.
You closely miss the orc.
The orc is heavily wounded.
* * * LOW HITPOINT WARNING * * *
You feel sick. The orc hits you but does no damage.
You are more poisoned.
You hit the orc.
You kill the orc!
You have reached level 5!
* * * LOW HITPOINT WARNING * * *
You feel sick.
It was a potion of flight.
You feel very buoyant.
You fly up into the air.
* * * LOW HITPOINT WARNING * * *
You feel sick. The orc hits you with a +0 short sword.
* * * LOW HITPOINT WARNING * * *
It was a potion of haste.
Your stasis prevents you from being hasted.
You die...

#<..... ?...
#.#.#.. ...#
#...#.. #...
#.###.. ..#
#...... .b. {
#...##. #o#
#...##. #o##..
#..<... #@##..##
###.#####
#.##....
#........
#.(#...#
#.#.####. {
##.#...#
#.#....#. #.#...#
#......#.
#.#...###########
#.#..............
#.#[.############
{ #.#).......#
###


You could see 2 orcs and a bat.

Vanquished Creatures
  An orc wizard (D:2)
  A worker ant (D:2)
  An ooze (D:1)
  2 dart slugs (D:1)
  A leopard gecko (D:1)
  An orc (D:2)
  2 giant cockroaches (D:1)
  5 goblins
  2 hobgoblins (D:1)
  9 jackals
  A quokka (D:2)
  A ball python (D:1)
  A bat (D:1)
  A frilled lizard (D:1)
  2 kobolds (D:1)
  A rat (D:1)
32 creatures vanquished.

Notes
Turn   | Place    | Note
-------+----------+-------------------------------------------
     0 | D:1      | Delamore the Formicid Fighter began the quest for the Orb.
     0 | D:1      | Reached XP level 1. HP: 18/18 MP: 1/1
    40 | D:1      | Reached XP level 2. HP: 23/24 MP: 2/2
   255 | D:1      | Reached skill level 3 in Axes
   461 | D:1      | Reached XP level 3. HP: 29/29 MP: 3/3
  1090 | D:2      | Reached skill level 4 in Axes
  1090 | D:2      | Reached XP level 4. HP: 5/35 MP: 4/4
  1102 | D:2      | HP: 2/52 [poisoned by a worker ant]
  1109 | D:2      | HP: 2/52 [poisoned by a worker ant]
  1117 | D:2      | HP: 1/52 [poisoned by a worker ant]
  1403 | D:2      | Reached XP level 5. HP: 7/41 MP: 5/5
  1404 | D:2      | HP: 2/41 [orc/+0 short sword (1)]
  1405 | D:2      | Succumbed to an orc's poison

Levels and vault maps discovered:
D:1:      dpeg_arrival_simpleton_c, layout_basic, chequers_decorated_corner
D:2:      layout_basic, uniq_robin

Skill      XL: |  1  2  3 |
---------------+----------+-----
Axes           | 3 4 |  4.7
Fighting       | |  3.2
Armour         | |  3.2
Shields        | |  3.6

Action                   |  1- 3 |  4- 6 || total
-------------------------+-------+-------++-------
Melee: War axe           |    86 |    26 ||   112
  Use: Potion            |       |     3 ||     3
Armor: Scale mail        |    25 |    10 ||    35
Dodge: Dodged            |    38 |     6 ||    44
Block: Shield            |    34 |    10 ||    44
